 Dungeon Crawl Stone Soup version 0.20-a0-681-gf83e07f (webtiles) character file.

815 Alarkh the Slasher (level 7, -4/50 HPs)
             Began as a Mummy Skald on Feb 18, 2017.
             Was an Initiate of Gozag.
             Slain by an ogre
             ... wielding a +0 giant club
              (15 damage)
             ... on level 4 of the Dungeon.
             The game lasted 00:04:53 (3583 turns).

Alarkh the Slasher (Mummy Skald)                    Turns: 3583, Time: 00:04:54

Health: -4/50      AC: 11    Str: 14    XL:     7   Next: 62%
Magic:  11/11      EV: 10    Int: 15    God:    Gozag
Gold:   175        SH:  0    Dex: 11    Spells: 8/11 levels left

rFire    x . .     SeeInvis .   b - +1 dagger (drain)
rCold    + . .     Gourm    .   f - +4 ring mail
rNeg     + + +     Faith    .   (no shield)
rPois    ∞         Spirit   .   (no helmet)
rElec    .         Reflect  .   j - +0 cloak {MR+}
rCorr    .         Harm     .   (no gloves)
MR       +....                  l - +0 pair of boots
Stlth    +.........             (no amulet)
Regen    0.2/turn               (no ring)
MPRegen  0.2/turn               (no ring)

@: no status effects
A: no food or potions, fire vulnerability, cold resistance 1, negative energy
resistance 3, torment resistance, unbreathing
a: Potion Petition, Call Merchant, Bribe Branch, Renounce Religion


You were on level 4 of the Dungeon.
You worshipped Gozag.
Gozag was aware of your devotion.
You were not hungry.

You visited 2 branches of the dungeon, and saw 6 of its levels.

You collected 209 gold pieces.
You paid 34 gold pieces to Gozag.

Inventory:

Hand Weapons
 a - a +0 falchion
 b - a +1 dagger of draining (weapon)
Armour
 d - a +3 leather armour
 f - a +4 ring mail (worn)
 i - a +0 cloak
 j - a +0 cloak of magic resistance (worn)
 l - a +0 pair of boots (worn)
 p - a +0 leather armour
Jewellery
 o - an uncursed ring of ice
Wands
 r - a wand of iceblast (6/15)
Scrolls
 g - a scroll of noise
 h - 3 scrolls of teleportation
 k - 3 scrolls of remove curse
 m - a scroll of blinking
 n - 2 scrolls of recharging {unknown}
 q - a scroll of amnesia
Books
 c - a book of Battle

   Spells                             Type                      Level
   a - Infusion                       Charms                       1
   b - Shroud of Golubria             Charms/Translocation         2
   c - Song of Slaying                Charms                       2
   d - Spectral Weapon                Hexes/Charms                 3
   e - Regeneration                   Charms/Necromancy            3


   Skills:
 - Level 2.0 Fighting
 + Level 7.4 Long Blades
 - Level 0.7 Armour
 - Level 1.5 Dodging
 - Level 2.6 Spellcasting
 - Level 2.4 Charms


You had 8 spell levels left.
You knew the following spells:

 Your Spells              Type           Power        Failure   Level  Hunger
a - Infusion              Chrm           #...         17%         1    N/A
b - Shroud of Golubria    Chrm/Tloc      #.........   45%         2    N/A

Dungeon Overview and Level Annotations

Branches:
Dungeon (5/15)             Temple (1/1) D:5

Altars:
Ashenzari
Cheibriados
Dithmenos
Elyvilon
Fedhas
Gozag
Hepliaklqana
Kikubaaqudgha
Makhleb
Nemelex Xobeh
Okawaru
Ru
Sif Muna
Trog
Vehumet
Zin
The Shining One


Innate Abilities, Weirdness & Mutations

You do not eat or drink.
Your flesh is vulnerable to fire.
You are immune to poison.
Your flesh is cold resistant. (rC+)
You are immune to negative energy. (rN+++)
You are immune to unholy pain and torment.
You can survive without breathing.


Message History

The ogre barely misses you.
You hit the ogre but do no damage. You drain the ogre!
The ogre is severely wounded.
The ogre barely misses you.
You barely miss the ogre.
The ogre is severely wounded.
You barely miss the ogre.
The ogre is severely wounded.
The ogre closely misses you.
You barely miss the ogre.
The ogre is severely wounded.
Your ring mail prevents you from hitting the ogre.
The ogre is severely wounded.
The ogre hits you with a giant club!
* * * LOW HITPOINT WARNING * * *
You hit the ogre but do no damage.
The ogre is severely wounded.
The ogre hits you with a giant club!
You die...
Your body crumbles into a pile of gold.

#.########>....##.....###
#.# #.##.###♣...♣##. #.#
#.##.# #.....##. #.#
####.##.#####_####. #.#
#........#########. #.#
#.##.##.#..#####.## #.#
#.##.##.##.##....##
#.#####.##.##............
#......O@......#.#####.##
#######.#####..#.# #.#
#.# #..#.# #.# #.# #..#.#
#.# ###########.# #..#.#
##)## #...........#
#..#.# #....
#.#####.###.# #..#.#
#..## #.# #.# #.# #..#.#
#..## #)# #.# #.#
#..#.####....


You could see an ogre.

Vanquished Creatures
  A sky beast (D:5)
  2 ice beasts (D:5)
  2 ogres
  2 hounds (D:4)
  An orc priest (D:3)
  3 orc wizards
  An iguana (D:4)
  A worker ant (D:5)
  2 adders
  A shadow imp (D:5)
  An adder zombie (D:5)
  2 worms
  2 dart slugs (D:3)
  3 leopard geckos
  15 orcs
  5 giant cockroaches
  14 goblins
  2 hobgoblins
  7 jackals
  9 kobolds
  2 quokkas
  A ball python (D:3)
  11 bats
  7 frilled lizards
  A jackal zombie (D:5)
  5 rats
103 creatures vanquished.

Notes
Turn   | Place    | Note
-------+----------+-------------------------------------------
     0 | D:1      | Alarkh the Mummy Skald began the quest for the Orb.
     0 | D:1      | Reached XP level 1. HP: 16/16 MP: 4/4
    15 | D:1      | Reached skill level 2 in Long Blades
    38 | D:1      | Reached XP level 2. HP: 11/22 MP: 5/5
   613 | D:2      | Found a blossoming altar of Fedhas.
   633 | D:2      | Found a deep blue altar of Sif Muna.
   634 | D:2      | Found a sparkling altar of Nemelex Xobeh.
   959 | D:2      | Reached XP level 3. HP: 21/27 MP: 7/7
   970 | D:2      | Learned a level 2 spell: Shroud of Golubria
  1129 | D:2      | Reached skill level 3 in Long Blades
  1274 | D:2      | Found a radiant altar of Vehumet.
  1639 | D:3      | Reached XP level 4. HP: 17/33 MP: 3/8
  1657 | D:3      | Reached skill level 4 in Long Blades
  1893 | D:3      | Found an opulent altar of Gozag.
  1972 | D:3      | Found a shattered altar of Ashenzari.
  2270 | D:3      | Reached XP level 5. HP: 36/38 MP: 9/9
  2483 | D:4      | Found a burning altar of Makhleb.
  2525 | D:4      | Reached skill level 5 in Long Blades
  2554 | D:4      | Reached XP level 6. HP: 39/44 MP: 10/10
  2806 | D:4      | Found a snail-covered altar of Cheibriados.
  3002 | D:4      | Found a glowing golden altar of the Shining One.
  3133 | D:3      | Became a worshipper of Gozag Ym Sagoz the Greedy
  3178 | D:5      | Entered Level 5 of the Dungeon
  3183 | D:5      | Noticed an ice beast
  3200 | D:5      | Killed an ice beast
  3200 | D:5      | Reached skill level 6 in Long Blades
  3206 | D:5      | Reached XP level 7. HP: 50/50 MP: 11/11
  3269 | D:5      | Found a staircase to the Ecumenical Temple.
  3274 | Temple   | Entered the Ecumenical Temple
  3452 | D:5      | Reached skill level 7 in Long Blades
  3583 | D:4      | Slain by an ogre

Vault maps used:
D:1:      dpeg_arrival_arbitrary_c, minmay_misc_feat_cross
D:2:      fiery_altar_vehumet, minitemple, grunt_decor_mini_mirrors
D:3:      nicolae_ashenzari_panopticon, nicolae_overflow_hidden_temple,
          first_bread, kennysheep_generic_room_14
D:4:      overflow_temple_1_default, tso_altar, serial_bayou_pond_b,
          makhleb_heckhound_becter
D:5:      lemuel_coloured_pillars_altar, minmay_temple_entry_butterflies
Temple:   nicolae_temple_figure_zero

Skill      XL: |  1  2  3  4  5  6  7 |
---------------+----------------------+-----
Long Blades    | 2 3 4 5 6 7 |  7.4
Fighting       | |  2.0
Armour         | |  0.7
Dodging        | |  1.5
Spellcasting   | |  2.6
Charms         | |  2.4

Action                   |  1- 3 |  4- 6 |  7- 9 || total
-------------------------+-------+-------+-------++-------
Melee: Falchion          |   154 |    51 |    14 ||   219
       Dagger            |       |   178 |    77 ||   255
 Cast: Infusion          |     5 |       |       ||     5
Evoke: Wand              |       |       |     1 ||     1
  Use: Scroll            |     2 |     2 |     2 ||     6
 Stab: Distracted        |       |     1 |       ||     1
Armor: Leather armour    |    27 |       |       ||    27
       Ring mail         |    72 |   102 |    32 ||   206
Dodge: Dodged            |   114 |   118 |    33 ||   265
       Rpst.: Falchion   |    34 |     6 |     2 ||    42
